Cogmind - Beta 14 @@@ ROGUE MODE // 2024.11.26 @ 07:54:03 Player: WazdakkaGutsmek Result: Destroyed by I6-V36(R) with Subdweller Laser Performance ------------- Evolutions (0) 0 Regions Visited (2) 400 Robots Destroyed (15) 75 Value Destroyed (410) 410 Prototype IDs (0) 0 Alien Tech Used (0) 0 Bonus (0) 0 TOTAL SCORE: 885 Bonus ------- None Cogmind --------- Core Integrity 0/250 Matter 29/300 Energy 99/100 System Corruption 0% Temperature Cool (12) Movement Core (50) Location -10/Subcaves Parts ------- > --- POWER (1) -------- (None) > --- PROPULSION (2) --- (None) > --- UTILITY (2) ------ (None) > --- WEAPON (2) ------- (None) > --- INVENTORY (5) ---- Light Treads Light Treads Shield Generator Shield Generator Light Cannon Peak State ------------ > --- POWER ------------ Ion Engine > --- PROPULSION ------- Light Treads Light Treads > --- UTILITY ---------- Small Storage Unit Makeshift Light Armor Plating > --- WEAPON ----------- Light Cannon Grenade Launcher > --- INVENTORY -------- Light Treads Light Treads Light Treads Shield Generator Shield Generator Light Cannon Light Cannon [Rating: 10] Favorites ----------- Power Ion Engine Engine Ion Engine Propulsion Light Treads Treads Light Treads Leg Aluminum Leg Utility Small Storage Unit Device Shield Generator Storage Small Storage Unit Protection Makeshift Light Armor Plating Weapon Light Cannon Energy Gun Medium Laser Ballistic Gun Assault Rifle Ballistic Cannon Light Cannon Launcher Grenade Launcher Build | -11 -10 -10 ------- Run | Yrd Mat Sub Slots Evolved . | . . . Power . | . . . Propulsion . | . . . Utility . | . . . Weapon . | . . . Parts Attached 9 | . 5 4 Power . | . . . Engine . | . . . Core . | . . . Reactor . | . . . Propulsion 2 | . 2 . Treads 2 | . 2 . Leg . | . . . Wheel . | . . . Hover . | . . . Flight . | . . . Utility 2 | . 1 1 Device 1 | . 1 . Storage . | . . . Processor . | . . . Hackware . | . . . Protection 1 | . . 1 Artifact . | . . . Weapon 5 | . 2 3 Energy Gun . | . . . Energy Cannon . | . . . Ballistic Gun . | . . . Ballistic Cannon 3 | . 2 1 Launcher 2 | . . 2 Special Weapon . | . . . Impact Weapon . | . . . Slashing Weapon . | . . . Piercing Weapon . | . . . Special Melee Weapon . | . . . Unidentified Prototypes . | . . . Parts Lost 5 | . . 5 Power 1 | . . 1 Propulsion 2 | . . 2 Utility 1 | . . 1 Weapon 1 | . . 1 Highest Loss Streak 4 | . . 4 To Critical Strikes . | . . . Average Slot Usage (%) 95 | . 90 98 Engine 13 | . 14 13 Treads 26 | . 24 27 Leg 1 | . 2 . Device 8 | . 5 10 Storage 13 | . 14 13 Protection 2 | . . 3 Ballistic Cannon 26 | . 27 26 Peak Build Rating 10 | . 9 10 Average Rating 8 | . 7 9 On Entrance 7 | 6 6 9 Naked Turns 13 | . . 13 Heaviest Build 20 | 14 18 20 Greatest Support 40 | 20 40 40 Greatest Overweight (x) 5 | . 5 5 Average Overweight (x) . | . . . Largest Inventory Capacity 8 | . 8 8 Average Capacity 7 | . 8 7 Most Carried 8 | . 8 8 Average Carried 7 | . 7 7 Final Capacity 8 | 8 8 5 Final Carried 8 | 6 8 5 Class Distribution -------------------- 100% | Mutant Dominant Class ---------------- Mutant | -10/Materials Mutant | -10/Subcaves Resources | -11 -10 -10 ----------- Run | Yrd Mat Sub Matter Collected 423 | 174 196 53 Remotely . | . . . Salvage Created 264 | . 231 33 Parts 28 | . 22 6 Haulers Intercepted 1 | . 1 . Recyclers Shooed . | . . . Parts Field Recycled . | . . . Retrieved Matter . | . . . Parts Self-Destructed 3 | . . 3 Prevented . | . . . Kills | -11 -10 -10 ------- Run | Yrd Mat Sub Combat Hostiles Destroyed 12 | . 7 5 Cannons 9 | . 7 2 AOE 3 | . . 3 Classes Destroyed 6 | . 5 1 Hauler 1 | . 1 . Operator 1 | . 1 . Watcher 1 | . 1 . Swarmer 3 | . 3 . Grunt 4 | . 4 . Subdweller 5 | . . 5 Best Kill Streak 4 | . 3 4 Combat Bots Only 4 | . 3 4 Max Kills in Single Turn 1 | . 1 1 Gunslinging . | . . . Exploded 1 | . . 1 Melee . | . . . Uniques/NPCs Destroyed . | . . . Combat | -11 -10 -10 -------- Run | Yrd Mat Sub Hostile Shots Fired 80 | . 17 63 Missed 28 | . 8 20 Damage Taken 965 | . 86 879 Core 253 | . . 253 Absorbed by Shields 88 | . . 88 Core Remaining (%) 100 | 100 . . Volleys Fired 45 | . 17 28 Largest 2 | . 2 2 Hottest 70 | . 70 70 Shots Fired 89 | . 34 55 Gun 2 | . 2 . Cannon 74 | . 32 42 Launcher 13 | . . 13 Special . | . . . Kinetic 75 | . 33 42 Thermal 1 | . 1 . Explosive 13 | . . 13 Electromagnetic . | . . . Robot Hit Streak 20 | . 9 20 Robot Miss Streak 4 | . 4 1 Penetration Max . | . . . Secondary Targets . | . . . Shots Hit Robots 51 | . 16 35 Core Hits 19 | . 10 9 Critical Kills . | . . . Critical Parts Destroyed . | . . . Critical Strikes 1 | . . 1 Blast 1 | . . 1 Melee Attacks . | . . . Impact . | . . . Slashing . | . . . Piercing . | . . . Sneak Attacks . | . . . Combat Hostiles . | . . . Follow-up Attacks . | . . . Damage Inflicted 1363 | . 292 1071 Guns 15 | . 15 . Cannons 668 | . 277 391 Explosions 680 | . . 680 Melee . | . . . Ramming . | . . . Kinetic 683 | . 292 391 Thermal . | . . . Explosive 680 | . . 680 Electromagnetic . | . . . Impact . | . . . Slashing . | . . . Piercing . | . . . Highest Corruption . | . . . Average Corruption . | . . . Corruption Purged . | . . . Corruption Blocked . | . . . Overload Shots . | . . . Overflow Damage 15 | . . 15 Projectiles . | . . . Explosions 15 | . . 15 Melee . | . . . Knockbacks 6 | . 2 4 Impact . | . . . Kinetic 6 | . 2 4 Secondary . | . . . Self-Inflicted Damage 28 | . . 28 Shots 1 | . . 1 Rammed . | . . . Targets Rammed . | . . . Kicked . | . . . Crushed . | . . . Highest Temperature 45 | . 45 9 Average Temperature 16 | . 16 5 Received Heat Transfer 243 | . 18 225 Siege Activations . | . . . Robots Corrupted . | . . . Combat Hostiles . | . . . Parts Fried . | . . . Impact Corruptions . | . . . Robots Melted . | . . . Combat Hostiles . | . . . Parts Melted . | . . . Heat Transferred . | . . . Parts Sabotaged . | . . . Parts Stolen . | . . . Parts Stripped . | . . . Power Chain Reactions . | . . . Alert | -11 -10 -10 ------- Run | Yrd Mat Sub Peak Influence 230 | . 230 . Initial . | . . . Average 60 | . 60 . Maximum Alert Level 1 | . 1 . Low Security (%) 98 | . 98 . Level 1 1 | . 1 . Level 2 . | . . . Level 3 . | . . . Level 4 . | . . . Level 5 . | . . . High Security . | . . . Max Security . | . . . Squads Dispatched 1 | . 1 . Investigation . | . . . Extermination . | . . . Reinforcement 1 | . 1 . Assault . | . . . Garrison . | . . . Intercept . | . . . Searches Triggered . | . . . Construction Impeded . | . . . Haulers Reinforced . | . . . Active Scanning Responses . | . . . Cargo Convoy Interrupts . | . . . Stealth | -11 -10 -10 --------- Run | Yrd Mat Sub Distress Signals 2 | . 2 . Communications Jammed . | . . . Distress Signals . | . . . Times Spotted 21 | . 12 9 Peak Tracking Total 5 | . 5 4 Tactical Retreats . | . . . Traps | -11 -10 -10 ------- Run | Yrd Mat Sub Traps Triggered . | . . . Indirectly . | . . . Trap Hack Attempts . | . . . Triggered . | . . . Disarmed . | . . . Reprogrammed . | . . . Reused . | . . . Traps Extracted . | . . . Installed . | . . . Triggered . | . . . Machines | -11 -10 -10 ---------- Run | Yrd Mat Sub Machines Disabled 1 | . 1 . Max in Single Turn 1 | . 1 . Machines Repaired . | . . . Machines Dismantled . | . . . Machines Sabotaged . | . . . Overloaded Fab Kills . | . . . Hacking | -11 -10 -10 --------- Run | Yrd Mat Sub Machines Accessed 3 | . 3 . Terminals 3 | . 3 . Fabricators . | . . . Repair Stations . | . . . Recycling Units . | . . . Scanalyzers . | . . . Garrison Access . | . . . Total Hacks 5 | . 5 . Successful 4 | . 4 . Failed 1 | . 1 . Catastrophic . | . . . Database Lockouts . | . . . Manual 5 | . 5 . Terminals 5 | . 5 . Fabricators . | . . . Repair Stations . | . . . Recycling Units . | . . . Scanalyzers . | . . . Garrison Access . | . . . Terminal Hacks . | . . . Fabricator Hacks . | . . . Repair Station Hacks . | . . . Recycling Unit Hacks . | . . . Scanalyzer . | . . . Garrison Access Hacks . | . . . Unauthorized Hacks 4 | . 4 . Terminals 4 | . 4 . Botnet 1 | . 1 . Skim 3 | . 3 . Fabricators . | . . . Repair Stations . | . . . Recycling Units . | . . . Scanalyzers . | . . . Garrison Access . | . . . Data Cores Recovered 1 | . 1 . Used 1 | . 1 . Hacking Detections 3 | . 3 . Full Trace Events . | . . . Feedback Events . | . . . Feedback Blocked . | . . . Robot Schematics Acquired . | . . . Robots Built . | . . . Authchips . | . . . Time . | . . . Total Robot Build Rating . | . . . Part Schematics Acquired . | . . . Parts Built . | . . . Authchips . | . . . Time . | . . . Total Part Build Rating . | . . . Parts Repaired . | . . . Time . | . . . Parts Recycled . | . . . Recycled Matter . | . . . Retrieved Matter . | . . . Retrieved Components . | . . . Parts Scanalyzed . | . . . Part Schematics Acquired . | . . . Parts Damaged . | . . . Bothacking | -11 -10 -10 ------------ Run | Yrd Mat Sub Used RIF Installer . | . . . Robots Hacked . | . . . Non-combat . | . . . Combat . | . . . Robot Hacks Applied . | . . . Relay Couplers Released . | . . . Fabnet Peak Effective % . | . . . Robots Rewired . | . . . Allies Hacked . | . . . Hacks Repelled . | . . . Allies | -11 -10 -10 -------- Run | Yrd Mat Sub Total Allies . | . . . Largest Group . | . . . Highest-Rated Group . | . . . Highest-Rated Ally . | . . . Total Orders . | . . . Ally Attacks . | . . . Total Damage . | . . . Kills . | . . . Allies Corrupted . | . . . Allies Melted 1 | . . 1 Intel | -11 -10 -10 ------- Run | Yrd Mat Sub Robot Analysis Total . | . . . Derelict Logs Recovered . | . . . Drone Launches . | . . . Drone Recoveries . | . . . Exploration | -11 -10 -10 ------------- Run | Yrd Mat Sub Turns Passed 1618 | . 706 912 Spaces Moved 833 | 1 302 530 Core 31 | . 3 28 Treads 750 | . 248 502 Legs 52 | 1 51 . Wheels . | . . . Hover . | . . . Flight . | . . . Fastest Speed 50 | 120 120 50 Average Speed 154 | 120 154 154 Slowest Speed 300 | 120 300 300 Overloaded Moves . | . . . Propulsion Burnouts . | . . . Robots Hopped . | . . . Cave-ins Triggered . | . . . Exploration Rate (%) 33 | 2 62 37 Regions Visited 2 Branch Regions 1 Pre-discovered Areas . | . . . Known Exits Taken . | . . . Unknown Exits Taken 2 | 1 1 . Scrap Searched 3 | . . 3 Spaces Dug . | . . . Terrain Destroyed 52 | . . 52 Melee . | . . . Projectile . | . . . AOE 52 | . . 52 Terrain Rammed . | . . . Walls Destroyed . | . . . Machines Disabled . | . . . Actions | -11 -10 -10 --------- Run | Yrd Mat Sub Total 1074 | . 507 567 Wait 176 | . 174 2 Move 831 | . 301 530 Hop . | . . . Pick Up 6 | . 5 1 Fast Attach 3 | . 3 . Attach 2 | . . 2 Detach 1 | . . 1 Swap 4 | . 2 2 Drop 6 | . 5 1 Fire 45 | . 17 28 Melee . | . . . Ram . | . . . Kick . | . . . Crush . | . . . Escape Stasis . | . . . Rewire . | . . . Trap . | . . . Miscellaneous . | . . . Route ------- -11/Scrapyard -10/Materials (discovered 3 exits: [*Mat x2] / [*Sub]) -10/Subcaves (discovered 1 exit: [*Mat]) History --------- Turn | Location | Event 1 | -11/Scrapyard | Discovered new exit (range 0) 1 | -11/Scrapyard | Entered Materials 181 | -10/Materials | Discovered new exit (range 5) 316 | -10/Materials | Build established: Mutant 375 | -10/Materials | Discovered new exit (range 12) 692 | -10/Materials | Discovered new exit (range 11) 707 | -10/Materials | Entered Subcaves 907 | -10/Subcaves | Shifting Twisted Machinery released Mak. Light Armor Plating 932 | -10/Subcaves | Shifting Twisted Machinery released Battle Cannon 1137 | -10/Subcaves | Shifting Twisted Machinery released Battle Rifle 1154 | -10/Subcaves | Discovered new exit (range 8) 1166 | -10/Subcaves | Shifting Twisted Machinery released Sub. Monowheel 1335 | -10/Subcaves | Ambushed by Subdweller buried in earth 1344 | -10/Subcaves | Ambushed by Subdweller buried in earth 1606 | -10/Subcaves | Released all parts (3) 1611 | -10/Subcaves | Core integrity fell below 50% 1618 | -10/Subcaves | Core integrity fell below 20% 1619 | -10/Subcaves | Destroyed by I6-V36(R) with Subdweller Laser Last Messages --------------- 01345_ DB-6LT(R): "GOODGOOD!" 01347_ The unstable cave ceiling collapses. 01352_ DB-6LT(R) suffers critical hit (Blast). 01352_ DB-6LT(R) knocked back. 01354_ Shield Generator destroyed. 01358_ Subatomizers dissect the Sub. Optics. 01358_ The unstable cave ceiling collapses. 01359_ DB-6LT(R) destroyed. 01362_ The unstable cave ceiling collapses. 01362_ Sub. Optics crushed. 01366_ The unstable cave ceiling collapses. 01405_ Acquired 10 matter. 01596_ 0N-L1O(R) knocked back. 01600_ Lgt. Treads destroyed. 01602_ Grenade Launcher destroyed. 01604_ Ion Engine destroyed. 01606_ Released Lgt. Cannon. 01606_ Released Sml. Storage Unit. 01606_ Released Mak. Light Armor Plating. 01608_ Subatomizers dissect the Lgt. Cannon. Map ----- +----------------------------------------------------+ | " " ## "#??????????????????????????????????????? | | " "#??????????????????????????????????????? | | # #" "##?????????????????????????????????????? | | # # # ""#?????????????????????????????????????? | | # ## # ##?????????????????????????????????????? | | # ###????????????????????????????????????? | | # ## #?????????????????? ????????????????? | | # ## ##?????????????????? ????????????????? | | ###### ##?????????????????? ???????????????? | | ?????### #?????????????????? ???????????????? | | ???????## ##?????????????????? ???????????????? | | ????????# ##?????????????????? ???????????????? | | ???????## #????????????????## ???????????????? | | ??????## #????????????????# ????????????????? | | ?????## ##???????????????? ????????????????? | | ?????# #????????????????## #???????####?????? | | ?????## ##???????????????# #??###### ####??? | | ??????## ##??????????????? #### ## #??? | | ???????### ##?###???????#### # #???? | | ?????????# ### ##??###?#" ## ##???? | | ?????##### #### ###" ## ###????? | | ????## ## ### ##?????? | | ????# ### ### #?????? | | ????## ## #### R ##" ##?????? | | ?????########### ### R ##??????? | | ??????????????## @ R]] ##??????? | | ??????????##### R! #??????? | | ??????????# = #??????? | | ?????????## ### # ####???? | | ??????#### ##?# ##### ???? | | ??????# ##??## #???### ??? | | ??????## ##????### ##????# "" ##?? | | ??????## ####??????## ###### """"##??? | | ??????# #??????#### ## """""???? | | ?????# #?????## ""?"??? | | ?????## #???### ## ### ### ???? | | ??????######### ######?## ##??# ?????? | | ???????????# #???????####### ##????#?????? | | ???????????# #??????????????# #???????????? | | ???????????#########???????????????###???????????? | | ?????????????????????????????????????????????????? | | ?????????????????????????????????????????????????? | | ?????????????????????????????????????????????????? | | ?????????????????????????????????????????????????? | | ?????????????????????????????????????????????????? | | ?????????????????????????????????????????????????? | | ?????????????????????????????????????????????????? | | ?????????????????????????????????????????????????? | | ?????????????????????????????????????????????????? | | ?????????????????????????????????????????????????? | +----------------------------------------------------+ Best States ------------- Heat Dissipation 25 Energy Generation 10 Energy Capacity 250 Matter Stores 300 Matter Capacity 300 Sight Range 16 Terrain Scan Density 10 Armor Coverage 100 Evasion (%) 55 Recoil Reduction 2 Item Schematics ----------------- None Robot Schematics ------------------ None Fabricated ------------ Nothing Alien Tech Used ----------------- None Achievements -------------- None Challenges ------------ None Game ------ Seed FlyingExpertShifter Manual? 0 Play Time 00:10:46 Cumulative 148.8 hours Start 2024.11.26 @ 07:42:24 End 2024.11.26 @ 07:54:03 Sessions 1 Manual Loads 0 Difficulty Rogue Special Mode None Game No. 137 Rogue 118 Adventurer 16 Explorer 3 Win Type - Total 10 Types 8/0/1/1/0/0/0/0/0 Lore% 37 Gallery% 68 Achievement% 59 Wizard Run 0 Options --------- Layout 2 ASCII 0 Keyboard 0 Movement Numpad Keybinds 1 Fullscreen 2 Font 24/Terminus Map View 50x44 Zoom Use 0% Tactical HUD 1 Map Filters NONE Filters NONE Steam 1 RUN: c233286b-f05e-40d7-82d8-dec44ecb4f12